 Dungeon Crawl Stone Soup version 0.31.0-11-ge490571c62 (webtiles) character file.

Game seed: 14644624773664365473

26 qw the Shooter (level 2, -1/14 HPs)
             Began as a Spriggan Hunter on Feb 5, 2024.
             Succumbed to their own poison gas
             ... on level 1 of the Dungeon.
             The game lasted 00:00:10 (695 turns).

qw the Shooter (Spriggan Hunter)                     Turns: 695, Time: 00:00:11

Health: -1/14      AC:  2    Str:  7    XL:     2   Next: 89%
Magic:  3/3        EV: 34    Int: 10    God:
Gold:   42         SH:  0    Dex: 18    Spells: 1/1 levels left

rFire   . . .        a - +0 shortbow
rCold   . . .        (shield currently unavailable)
rNeg    . . .        c - +0 robe
rPois   .            (helmet restricted)
rElec   .            (no cloak)
rCorr   .            (gloves unavailable)
SInv    +            (boots unavailable)
Will    .....        e - amulet of the acrobat
Stlth   ++           (no ring)
HPRegen 0.22/turn    (no ring)
MPRegen 0.08/turn

%: acrobat
@: lethally poisoned (-1 -> -12), acrobatic, very quick
A: very small, no large weapons, unfitting armour, see invisible, speed 3
a: no special abilities


You were on level 1 of the Dungeon.
You visited 1 branch of the dungeon, and saw 1 of its levels.

You collected 42 gold pieces.


Innate Abilities, Weirdness & Mutations

You are very small and have problems with some larger weapons.
You are too small for most types of armour.
You have supernaturally acute eyesight. (SInv)
You cover ground extremely quickly. (Speed+++)


   Skills:
 - Level 1.5 Fighting
 + Level 4.4 Ranged Weapons
 - Level 4.0 Dodging
 - Level 1.5 Stealth


You had one spell level left.
You didn't know any spells.
Your spell library was empty.

Inventory:

Hand Weapons
 a - a +0 shortbow (weapon)
Armour
 c - a +0 robe (worn)
Jewellery
 e - an amulet of the acrobat (around neck)
 f - a ring of ice
Scrolls
 g - 2 scrolls of teleportation
Potions
 h - 2 potions of resistance

Dungeon Overview and Level Annotations

Branches:
Dungeon (1/15)

Altars:


Message History

686 ||| IDENTIFYING 2 fuming white potions
h - 2 potions of resistance Done exploring.
687 ||| READING 3 scrolls labelled RUGOKI CIBBOR.
As you read the scroll labelled RUGOKI CIBBOR, it crumbles to dust.
You feel strangely unstable.
It was a scroll of teleportation.
You start waiting.
Your surroundings suddenly seem different.
Done exploring.
690 ||| READING scroll labelled OKUFOD CIFRU.
The air fills with toxic fumes!
As you read the scroll labelled OKUFOD CIFRU, it crumbles to dust.
It was a scroll of poison.
Done exploring.
691 ||| DROPPING scroll of butterflies.
You drop a scroll of butterflies.
Done exploring.
What level of the Dungeon? (default 1, ? - help) Sorry, I don't know how to get there.
Enter note:
Enter note:
Enter note:
Enter note:
Enter note:
Enter note:
Enter note:
Enter note:
Enter note:
Enter note:
Enter note:
Enter note: You are engulfed in poison gas.
You are lethally poisoned!
You feel very sick.
693 ||| Stepping ~*~*~tactically~*~*~ (cloud).
You feel very sick.
You see here a scroll of butterflies.
There is a lethal amount of poison in your body!
You feel very sick.
There is a lethal amount of poison in your body!
You die...

............~~~~.................
.>........¤¤¤¤0¤¤¤¤¤¤¤¤..########
.###.......¤¤¤¤¤¤0¤¤¤0......####.
.# ##....##.¤¤¤¤¤¤¤¤¤....###.....
## #....###.¤¤¤¤¤¤¤.....# #.....
#....# #..¤¤¤¤0......# #.....
#....# #.##¤0¤####'### #.....
#....# #.##¤¤¤# #.# #..... #....#
#.##¤@0# #.# #..... #....#
#.##¤¤¤# #.# ###### #....#
#.##0¤¤# #.# ###### #.##¤¤¤####.#
#..¤¤¤¤¤..#.# #########.#%# #.#.#
#.#.# #.#.#


There were no monsters in sight!

Vanquished Creatures
  2 dart slugs (D:1)
  A bat (D:1)
  4 endoplasms (D:1)
  A goblin (D:1)
  3 jackals (D:1)
  3 kobolds (D:1)
  6 rats (D:1)
20 creatures vanquished.

Notes
Turn   | Place    | Note
-------+----------+-------------------------------------------
     0 | D:1      | qw the Spriggan Hunter began the quest for the Orb.
     0 | D:1      | Reached XP level 1. HP: 10/10 MP: 2/2
     0 | D:1      | 0 ||| qw: Version: 0.3-a-160-g6735b56
     0 | D:1      | 0 ||| qw: Game counter: 6204
     0 | D:1      | 0 ||| qw: Melee chars always use a shield: true
     0 | D:1      | 0 ||| qw: God list: Okawaru
     0 | D:1      | 0 ||| qw: Allow faded altars: false
     0 | D:1      | 0 ||| qw: Do Orc after clearing Dungeon:15 true
     0 | D:1      | 0 ||| qw: Do second Lair branch before Depths: true
     0 | D:1      | 0 ||| qw: Lair rune preference: random
     0 | D:1      | 0 ||| qw: Goals: Normal
     0 | D:1      | 0 ||| PLANNING D:1-11
    16 | D:1      | Reached skill level 3 in Dodging
    84 | D:1      | Reached XP level 2. HP: 14/14 MP: 3/3
   319 | D:1      | Found a faded altar of an unknown god.
   681 | D:1      | 681 ||| UPGRADING to amulet of the acrobat.
   686 | D:1      | 686 ||| READING scroll labelled QEUKLU NOST.
   686 | D:1      | 686 ||| IDENTIFYING 2 fuming white potions
   687 | D:1      | 687 ||| READING 3 scrolls labelled RUGOKI CIBBOR.
   690 | D:1      | 690 ||| READING scroll labelled OKUFOD CIFRU.
   691 | D:1      | 691 ||| DROPPING scroll of butterflies.
   693 | D:1      | 693 ||| Stepping ~*~*~tactically~*~*~ (cloud).
   694 | D:1      | HP: 2/14 [poisoned by you (poison gas)]
   695 | D:1      | Succumbed to their own poison gas

Levels and vault maps discovered:
D:1:      lightli_arrival_maybe_door_vault, layout_basic,
          shapermc_ecumenical_altar_notcrosses, chequers_serial_rivers_micro_c

Skill      XL: |  1  2 |
---------------+-------+-----
Dodging        | 3 4 |  4.0
Fighting       | |  1.5
Ranged Weapons | |  4.4
Stealth        | |  1.5

Action                     || total
---------------------------++-------
   Fire: Shortbow          ||    40
    Use: Scroll            ||     3
  Dodge: Dodged            ||     3

Table legend:
 A = Non-vault XP
 B = Vault XP
 C = Vault XP percentage of total XP
 D = Non-vault monster count
 E = Vault monster count
 F = Vault count percentage of total count
                 A         B        C        D         E       F
            +---------+---------+-------+---------+---------+-------
      Total |      38 |       0 |   0.0 |      20 |       0 |   0.0
            +---------+---------+-------+---------+---------+-------
        D:1 |      38 |       0 |   0.0 |      20 |       0 |   0.0
            +---------+---------+-------+---------+---------+-------
